Match 41611559
Unlisted

Match 41611559
End
Construct Infanterie Kompanie
Kettenkrad Recon Vehicle
Grenadier Squad
MG 42 Machine Gun Team
Grenadier Squad
Infanterie Officer Quarters
Sniper
Construct Panzergrenadier Kompanie
Pak 40 Anti-tank Gun Team
Panzergrenadier Squad
Support Elements
StuG III G Assault Gun
Selects Mechanized Battlegroup
Selects Raid Package
Selects 8 Rad Armored Car
8 Rad Armored Car
MG 42 Machine Gun Team
StuG III G Assault Gun
StuG III G Assault Gun
Selects Panther Heavy Tank
Pioneer Squad
KevinTDW
Zimmermann
andcrew
Rhonoir
0
0

Comments sign in to comment!

No comments posted yet!